 Dungeon Crawl Stone Soup version 0.30-a0-852-g08b95dd62f (webtiles) character file.

Game seed: 2050755586927891124

168 jimonade the Magician (level 5, -2/39 HPs)
             Began as a Djinni Warper on Mar 5, 2023.
             Slain by a kobold brigand
             ... wielding a +0 club
              (6 damage)
             ... in a sewer.
             The game lasted 00:04:30 (2110 turns).

jimonade the Magician (Djinni Warper)               Turns: 2110, Time: 00:04:30

Health: -2/39      AC:  6    Str: 12    XL:     5   Next: 77%
Gold:   177        EV: 11    Int: 14    God:
                   SH:  0    Dex: 13

rFire   + + .      SeeInvis .    a - +0 short sword
rCold   x . .      Faith    .    (no shield)
rNeg    . . .      Spirit   .    m - +1 ring mail
rPois   ∞          Reflect  .    (no helmet)
rElec   .          Rampage  .    (no cloak)
rCorr   .                        (no gloves)
Will    .....                    (boots unavailable)
Stlth   +                        e - amulet of the acrobat
HPRegen 0.26/turn                (no ring)
MPRegen 0.00/turn                (no ring)

@: flying
A: sickness immunity, fire resistance 2, cold vulnerability 1, float, innate
caster, HP casting, extra vitality 1
a: no special abilities


You were in a sewer.
You visited 1 branch of the dungeon, and saw 3 of its levels.
You also visited: Sewer.

You collected 177 gold pieces.

Inventory:

Hand Weapons
 a - a +0 short sword (weapon)
 g - a +0 whip
Missiles
 d - 7 boomerangs of dispersal
Armour
 b - a +0 leather armour
 h - a +0 chain mail
 m - a +1 ring mail (worn)
Jewellery
 e - an amulet of the acrobat (around neck)
Scrolls
 c - a scroll of blinking
 l - a scroll of fear
 o - 2 scrolls of identify
 t - a scroll of amnesia
Potions
 i - a potion of attraction {unknown}
 j - a potion of degeneration {unknown}
 n - a potion of mutation {unknown}
 p - 2 potions of curing
 q - 2 potions of might {unknown}
 r - a potion of magic {unknown}
 s - a potion of brilliance {unknown}


   Skills:
 + Level 2.6 Fighting
 + Level 2.9 Short Blades
 + Level 0.7 Throwing
 + Level 2.5 Armour
 + Level 2.7 Dodging
 * Level 3.2 Spellcasting


You knew the following spells:

 Your Spells              Type           Power      Damage    Failure   Level
a - Blink                 Tloc           22%        N/A       19%         2
b - Lesser Beckoning      Tloc           22%        N/A       19%         2
c - Vhi's Electric Charg  Tloc/Air       22%        N/A       36%         3
d - Teleport Other        Tloc           11%        N/A       36%         3
e - Manifold Assault      Tloc           11%        N/A       77%         4
f - Sandblast             Erth           22%        2d7       12%         1
g - Poisonous Vapours     Pois/Air       22%        N/A       19%         2
Your spell library was empty.

Dungeon Overview and Level Annotations

Branches:
Dungeon (3/15)              Sewer (1/1)

Altars:


Innate Abilities, Weirdness & Mutations

You are immune to sickness and miasma.
You are immune to poison.
Your flesh is very heat resistant. (rF++)
You are vulnerable to cold. (rC-)
You float through the air rather than walking.
You learn spells naturally, not from books.
Your magical power is your life essence.
You have superior vitality. (+4 MHP)


Message History

The kobold brigand splashes around in the water.
You closely miss the kobold.
The kobold is severely wounded.
The kobold splashes around in the water.
The kobold brigand splashes around in the water.
You hit the kobold.
You kill the kobold!
You hear a splash. x2
The kobold brigand hits you with a +0 club.
You barely miss the kobold.
The kobold hits you with a +0 short sword.
You barely miss the kobold. The kobold brigand closely misses you.
You hit the kobold.
You kill the kobold!
You hear a splash.
The kobold brigand hits you with a +0 club.
* * * LOW HITPOINT WARNING * * *
The kobold brigand hits you but does no damage.
Items here: ( )))) †††.
You hit the kobold brigand.
The kobold brigand is lightly wounded.
The kobold brigand hits you with a +0 club.
* * * LOW HITPOINT WARNING * * *
Unknown command.
You are too injured to fight recklessly!
Aiming: Sandblast (safe; 12% risk of failure)
Press: ? - help, Q - select action, (/) - cycle Shift-Dir - straight line, f - kobold brigand
Aim: a kobold brigand, wielding a +0 club and quivering curare-tipped darts (lightly wounded, 77% to hit)
Okay, then.
Unknown command.
You hit the kobold brigand but do no damage.
The kobold brigand is lightly wounded.
The kobold brigand closely misses you.
You barely miss the kobold brigand.
The kobold brigand is lightly wounded.
The kobold brigand splashes around in the water.
You closely miss the kobold brigand.
The kobold brigand is lightly wounded.
The kobold brigand hits you with a +0 club.
You die...

~. ~~P
#################~~~
#≈~~~~~~~~~~~~~~~~~~
#≈≈~≈≈≈≈≈~≈≈≈≈≈~≈≈≈≈
#≈~K@~~~~~~~~~~~~~~~
###'########~~######
#...#....#K~~~P~....
#.∩.#.∩!!'K.~P~~.P..
#.∩.#...?'..........
#####..!.#..........
########........
#.##..... ### #####


You could see a kobold brigand.

Vanquished Creatures
  Jessica (D:2)
  Natasha (thrice) (D:2)
  A river rat (D:3)
  An adder (D:3)
  A worm (D:2)
  3 endoplasms
  2 giant cockroaches
  A goblin (D:1)
  5 hobgoblins
  4 jackals (D:1)
  8 kobolds
  3 quokkas (D:1)
  4 ball pythons
  2 bats
  5 rats
44 creatures vanquished.

Vanquished Creatures (others)
  A plant (Sewer)
1 creature vanquished.

Grand Total: 45 creatures vanquished

Notes
Turn   | Place    | Note
-------+----------+-------------------------------------------
     0 | D:1      | jimonade the Djinni Warper began the quest for the Orb.
     0 | D:1      | jimonade set off with the following spells memorised:
                  | Blink, Lesser Beckoning, Vhi's Electric Charge, Teleport
                  | Other, Manifold Assault.
     0 | D:1      | Reached XP level 1. HP: 18/18 MP: 0/0
   196 | D:1      | Reached XP level 2. HP: 23/23 MP: 0/0
   474 | D:1      | Reached XP level 3. HP: 28/28 MP: 0/0
   474 | D:1      | Learned a level 1 spell: Sandblast
  1095 | D:2      | Noticed Jessica
  1133 | D:2      | Killed Jessica
  1134 | D:2      | Reached skill level 3 in Spellcasting
  1134 | D:2      | Reached XP level 4. HP: 29/33 MP: 0/0
  1255 | D:2      | Noticed Natasha
  1272 | D:2      | Killed Natasha
  1278 | D:2      | Noticed Natasha
  1377 | D:2      | Killed Natasha
  1378 | D:2      | Reached XP level 5. HP: 10/39 MP: 0/0
  1378 | D:2      | Learned a level 2 spell: Poisonous Vapours
  1644 | D:2      | Noticed Natasha
  1652 | D:2      | Killed Natasha
  1946 | D:3      | Found a glowing drain.
  1974 | Sewer    | Entered a sewer
  2047 | Sewer    | Noticed a kobold brigand
  2110 | Sewer    | Slain by a kobold brigand

Illustrated notes

Levels and vault maps discovered:
D:1:      dpeg_arrival_rhombus, layout_loops_ring
D:2:      layout_loops_ring, uniq_natasha, uniq_jessica
D:3:      layout_rooms, worldfamousw_hep_ancestral_shrine, portal_sewer_entry_a,
          kennysheep_minor_cross, uniq_robin
Sewer:    kennysheep_pipe_town

Skill      XL: |  1  2  3  4 |
---------------+-------------+-----
Short Blades   | 2 |  2.9
Spellcasting   | 3 |  3.2
Armour         | 2 |  2.5
Fighting       | |  2.6
Throwing       | |  0.7
Dodging        | |  2.7

Action                     |  1- 3 |  4- 6 || total
---------------------------+-------+-------++-------
  Melee: Short sword       |   131 |   116 ||   247
         Punch             |       |     3 ||     3
   Cast: Sandblast         |       |    18 ||    18
    Use: Scroll            |       |     5 ||     5
 Armour: Leather armour    |     2 |     1 ||     3
         Chain mail        |    57 |    11 ||    68
         Ring mail         |       |    19 ||    19
  Dodge: Dodged            |    52 |    47 ||    99

Table legend: (Time is in decaauts)
 A = Elapsed time spent in this place.
 B = Non-inter-level travel time spent in this place.
 C = Inter-level travel time spent in this place.
 D = Time resting spent in this place.
 E = Time spent auto-exploring this place.
 F = Levels seen in this place.
 G = Mean time per level.
                   A        B        C        D        E       F      G
               +--------+--------+--------+--------+--------+-----+--------+
         Total |   2112 |   2055 |     57 |    210 |   1311 |   4 |  528.0 |
       Dungeon |   1983 |   1926 |     57 |    155 |   1297 |   3 |  661.0 |
         Sewer |    129 |    129 |      0 |     55 |     14 |   1 |  129.0 |
               +--------+--------+--------+--------+--------+-----+--------+

Top non-repeatable levels by time:
     D:2: 925 daAuts
     D:1: 905 daAuts
     D:3: 152 daAuts
   Sewer: 129 daAuts
